 Dungeon Crawl Stone Soup version 0.29.0-15-g675c0067aa (webtiles) character file.

Game seed: 3728255874090599750

105895 qw the Warrior (level 15, -5/147 HPs)
             Began as a Minotaur Berserker on Sept 12, 2022.
             Was an Elder of Trog.
             Slain by a fenstrider witch (6 damage)
             ... on level 2 of the Swamp.
             The game lasted 00:11:13 (28417 turns).

qw the Warrior (Minotaur Berserker)                Turns: 28417, Time: 00:11:14

Health: -5/147     AC: 32    Str: 29    XL:     15   Next: 96%
Magic:  14/14      EV: 13    Int:  4    God:    Trog [****..]
Gold:   583        SH: 14    Dex: 19    Spells: 14/14 levels left

rFire   + + .      SeeInvis +   w - +4 hand axe of the Furious {vamp, *Noise rElec rF++ rCorr}
rCold   + . .      Faith    .   b - +0 kite shield
rNeg    . . .      Spirit   .   A - +2 plate armour {rC+}
rPois   .          Reflect  .   l - +2 hat
rElec   +          Harm     .   m - +2 cloak {rCorr}
rCorr   +          Rampage  .   v - +2 pair of gloves {Dex+3}
Will    +++..                   f - +2 pair of boots
Stlth   ..........              q - amulet of regeneration
HPRegen 2.14/turn               n - +6 ring of dexterity
MPRegen 0.14/turn               h - ring of see invisible

@: lethally poisoned (-5 -> -19), strong-willed (expiring), on berserk cooldown,
regenerating (expiring), slowed, very slow
A: horns 2, retaliatory headbutt
a: Renounce Religion, Berserk, Trog's Hand, Brothers in Arms


You were on level 2 of the Swamp.
You worshipped Trog.
Trog was greatly pleased with you.
You visited 4 branches of the dungeon, and saw 24 of its levels.

You collected 3783 gold pieces.
You spent 3200 gold pieces at shops.


Innate Abilities, Weirdness & Mutations

You have a pair of horns on your head.
You reflexively headbutt those who attack you in melee.


   Skills:
 - Level 17.0 Fighting
 - Level 16.0 Axes
 - Level 9.0 Throwing
 + Level 15.5 Armour
 - Level 10.0 Dodging
 - Level 15.4 Shields


You had 14 spell levels left.
You didn't know any spells.
Your spell library was empty.

Inventory:

Hand Weapons
 g - a +0 morningstar
 j - a +2 antimagic broad axe
 w - the +4 hand axe of the Furious (weapon) {vamp, *Noise rElec rF++ rCorr}
   (You found it on level 11 of the Dungeon)

   It occasionally heals its wielder for a portion of the damage dealt when it
   wounds a living foe.
   rF:        It greatly protects you from fire.
   rElec:     It insulates you from electricity.
   *Noise:    It may make noises in combat.
   rCorr:     It protects you from acid and corrosion.
Missiles
 t - 20 boomerangs
 D - 3 javelins (quivered)
Armour
 b - a +0 kite shield (worn)
 f - a +2 pair of boots (worn)
 l - a +2 hat (worn)
 m - a +2 cloak of preservation (worn)
 v - a +2 pair of gloves of dexterity (worn)
 y - a +1 plate armour of fire resistance
 A - a +2 plate armour of cold resistance (worn)
Jewellery
 c - a ring of protection from cold
 h - a ring of see invisible (right hand)
 n - a +6 ring of dexterity (left hand)
 q - an amulet of regeneration (around neck)
 u - a ring of resist corrosion
 z - a ring of positive energy
 Y - a ring of protection from cold
Wands
 E - a wand of digging (4)
Scrolls
 k - 14 scrolls of identify
Potions
 a - 2 potions of might
 e - 4 potions of mutation
 i - 6 potions of curing
 o - 5 potions of haste

Dungeon Overview and Level Annotations

Branches:
Dungeon (15/15)            Temple (0/1) D:5            Lair (5/5) D:8
  Swamp (2/4) Lair:3       Spider (0/4) Lair:3        Slime (0/5) Lair:5
    Orc (2/2) D:10            Elf (0/3) Orc:2        Vaults (0/5) D:13
 Depths (0/4) D:15

Altars:
Cheibriados
Dithmenos
Fedhas
Hepliaklqana
Makhleb
Okawaru
Sif Muna
Uskayaw
Wu Jian
Xom
Zin
The Shining One
Jiyva

Shops:
D:6 [   D:13 ?[[*   Orc:2 ([(*:

Portals:
Hell: Lair:5
Trove: D:15 (give 2 scrolls of acquirement)

Annotations:
D:11 3 runed translucent doors, qw's ghost, journeyman MiBe


Message History

Splash!
You fall into the shallow water.
Moving in this stuff is going to be slow.
You feel very sick.
The fenstrider witch gestures at you while chanting.
You resist with almost no effort.
You hit the fenstrider witch but do no damage.
You headbutt the fenstrider witch, but do no damage.
The fenstrider witch is severely wounded.
You feel very sick.
You block the fenstrider witch's attack.
The fenstrider witch kicks you. The fenstrider witch hits you.
The fenstrider witch kicks you.
You hit the fenstrider witch.
Your headbutt misses the fenstrider witch.
The fenstrider witch is severely wounded.
You feel very sick.
The fenstrider witch hits you but does no damage.
The fenstrider witch kicks you but does no damage.
You hit the fenstrider witch.
Your headbutt misses the fenstrider witch.
The fenstrider witch is severely wounded.
You feel very sick.
The fenstrider witch points at you and mumbles some strange words.
The toxic sludge hits you!
You are more poisoned.
Splash!
You fall into the toxic bog.
Moving in this stuff is going to be slow.
You hit the fenstrider witch.
You feel better.
Your hand axe of the Furious complains about the scenery.
Your headbutt misses the fenstrider witch.
The fenstrider witch is severely wounded.
You fester in the toxic bog!
You are more poisoned.
You feel the effects of Trog's Hand fading.
You feel extremely sick.
You hear an angry buzzing noise. x2; You hear a shout!
The fenstrider witch hits you. The fenstrider witch kicks you.
You die...

~~~~~~$.~.. ~~~~..~~.7
.~~.~~~.777 7¤~.~~~.~.~.
~(~ 7.......77¤~ .~~
7777777¤.~..~~~77777
..777~~~..¤~~H~¤..~~.7.~
~~~7~~~<.~¤)@~~.[~~..~~
~~....~.~~.~~~~.......
~..~)~~~~?~)~~~...~~.
77~77~~.77.~~~~~.~~~.7
777~.77/.777.~¤~~..~~~¤7
7~....~¤~..~~~~~~.~...7
77.7%~~~~~.~..~~.777~..7
777..~~~..77...77 ~.~
77~~77..~~777~77


You could see a fenstrider witch.

Vanquished Creatures
  Gastronok (Lair:1)
  A thorn hunter (Swamp:2)
  Kirke (D:15)
  A frost giant (D:15)
  4 slime creatures
  An orc warlord (Orc:2)
  Nessos (D:15)
  2 eleionomae (Swamp:1)
  Josephine (Orc:1)
  3 vault guards (D:13)
  An alligator (Swamp:2)
  16 hydras
  4 centaur warriors
  4 two-headed ogres
  3 tengu warriors
  4 death yaks (Lair:4)
  An orc high priest (Orc:2)
  Lodul (D:11)
  A sixfirhy (Lair:5)
  2 goliath frogs (Swamp:2)
  4 spriggan druids
  4 bog bodies
  A lindwurm (Lair:5)
  3 swamp dragons (Swamp:1)
  2 deep elf pyromancers
  A wizard (Lair:5)
  6 orc knights
  7 ugly things
  5 orc sorcerers
  3 oklob plants (Lair:2)
  6 cyclopes
  2 will-o-the-wisps (Swamp:1)
  7 black mambas
  11 elephants
  A torpor snail (Lair:5)
  A smoke demon (Lair:5)
  An orange demon (Lair:5)
  9 cane toads
  Maggie (D:10)
  A gargoyle (D:13)
  4 rime drakes
  An efreet (D:13)
  11 komodo dragons
  An ice devil (Lair:5)
  4 red devils (Lair:5)
  3 polar bears
  6 tyrant leeches
  23 blink frogs
  9 trolls
  2 hornets
  10 dream sheep
  A yak (shapeshifter) (D:11)
  3 spriggans
  10 wraiths
  A vampire (D:11)
  32 yaks
  4 wyverns
  5 basilisks
  3 hogs (D:15)
  11 vampire mosquitoes
  A steam dragon (D:7)
  3 wargs
  7 swamp worms
  2 acid dragons
  Duvessa (D:7)
  4 hell hounds (Lair:5)
  15 water moccasins
  23 orc warriors
  A black bear (Lair:1)
  An ice beast (D:6)
  2 swamp drakes
  5 boggarts (D:15)
  9 ogres
  15 wolves
  13 centaurs
  3 phantoms (D:5)
  2 kobold brigands
  A necrophage (D:6)
  8 bullfrogs
  A gnoll sergeant (D:8)
  3 scorpions
  9 wights
  Dowan (D:7)
  A hornet simulacrum (D:15)
  11 killer bees
  6 howler monkeys
  6 electric eels
  2 jellies
  7 hounds
  15 orc priests
  29 orc wizards
  2 iguanas
  5 hell rats (Lair:5)
  A boggart simulacrum (D:15)
  6 adders
  6 gnolls (D:8)
  A white imp (D:6)
  3 worms
  A dart slug (D:3)
  78 orcs
  8 endoplasms
  6 giant cockroaches
  4 goblins
  10 hobgoblins
  5 jackals (D:1)
  17 kobolds
  5 quokkas
  3 training dummies (Orc:2)
  9 ball pythons
  4 bats
  2 frilled lizards
  3 rats (D:1)
659 creatures vanquished.

Vanquished Creatures (collateral kills)
  3 hydras
  A boulder beetle (D:13)
  An alligator (Swamp:1)
  2 orc knights (Orc:2)
  2 gargoyles (D:13)
  A troll (Orc:2)
  A vampire mosquito (Swamp:1)
  A water moccasin (Lair:2)
  A swamp drake (Swamp:1)
  4 orc warriors (Orc:2)
  A wolf (Lair:2)
  2 orc priests (Orc:2)
  3 orc wizards (Orc:2)
  7 orcs (Orc:2)
30 creatures vanquished.

Vanquished Creatures (others)
  A bloated husk (Swamp:1)
  24 foxfires (Swamp:1)
  22 fungi
  91 plants
138 creatures vanquished.

Grand Total: 827 creatures vanquished

Notes
Turn   | Place    | Note
-------+----------+-------------------------------------------
     0 | D:1      | qw the Minotaur Berserker began the quest for the Orb.
     0 | D:1      | Reached XP level 1. HP: 19/19 MP: 0/0
     0 | D:1      | 0 ||| qw: Version: 0.1-a-119-g272c26d
     0 | D:1      | 0 ||| qw: Game counter: 10829
     0 | D:1      | 0 ||| qw: Always use a shield: true
     0 | D:1      | 0 ||| qw: Do Orc after D:15 true
     0 | D:1      | 0 ||| qw: Do second Lair branch before Depths: true
     0 | D:1      | 0 ||| qw: Lair rune preference: random
     0 | D:1      | 0 ||| qw: Plans: Normal
     0 | D:1      | 0 ||| PLANNING D:1-11
   219 | D:1      | Reached XP level 2. HP: 26/26 MP: 1/1
   582 | D:1      | Found a faded altar of an unknown god.
   999 | D:1      | 999 ||| Stepping ~*~*~tactically~*~*~ (stealth).
  1000 | D:1      | 1000 ||| Stepping ~*~*~tactically~*~*~ (stealth).
  1123 | D:1      | 1123 ||| UPGRADING to +0 ring mail.
  1133 | D:1      | 1133 ||| DROPPING +0 animal skin.
  1134 | D:1      | 1134 ||| UPGRADING to +0 plate armour.
  1144 | D:1      | 1144 ||| DROPPING +0 ring mail.
  1145 | D:1      | 1145 ||| READING scroll labelled NOMUVIW YSIS.
  1146 | D:1      | 1146 ||| READING scroll labelled TIROESERUG.
  1147 | D:1      | 1147 ||| READING 2 scrolls labelled XUBAJA ACACI.
  1148 | D:1      | 1148 ||| DROPPING scroll of magic mapping.
  1187 | D:2      | Reached XP level 3. HP: 31/31 MP: 2/2
  1255 | D:2      | Reached ** piety under Trog
  1424 | D:2      | Found a shadowy altar of Dithmenos.
  1568 | D:2      | 1568 ||| Stepping ~*~*~tactically~*~*~ (stealth).
  1795 | D:2      | 1795 ||| INVOKING Berserk.
  1937 | D:2      | 1937 ||| Stepping ~*~*~tactically~*~*~ (stealth).
  1940 | D:2      | 1940 ||| DROPPING +0 club.
  2279 | D:2      | 2279 ||| DROPPING +0 hand axe of holy wrath.
  2282 | D:2      | 2282 ||| READING scroll labelled UFOEGU CAI.
  2283 | D:2      | 2283 ||| DRINKING 2 bubbling silvery potions.
  2382 | D:3      | Reached XP level 4. HP: 39/39 MP: 3/3
  2395 | D:3      | Reached skill level 6 in Axes
  2547 | D:3      | 2547 ||| Stepping ~*~*~tactically~*~*~ (stealth).
  2552 | D:3      | 2552 ||| Stepping ~*~*~tactically~*~*~ (stealth).
  2592 | D:3      | 2592 ||| Stepping ~*~*~tactically~*~*~ (stealth).
  3085 | D:3      | 3085 ||| UPGRADING to +0 pair of boots.
  3090 | D:3      | 3090 ||| READING scroll labelled ZYPSEM ITTAZUAV.
  3091 | D:3      | 3091 ||| DRINKING 3 emerald potions.
  3092 | D:3      | 3092 ||| READING 2 scrolls of identify.
  3092 | D:3      | 3092 ||| IDENTIFYING dark potion
  3145 | D:4      | Noticed a scorpion
  3156 | D:4      | Killed a scorpion
  3157 | D:4      | Reached XP level 5. HP: 43/45 MP: 4/4
  3877 | D:4      | Reached skill level 3 in Armour
  3982 | D:4      | 3982 ||| UPGRADING to amulet of regeneration.
  3987 | D:4      | 3987 ||| READING scroll labelled EDWUOG CITS.
  4009 | D:4      | 4009 ||| READING 2 scrolls labelled MODWIBRUYRE.
  4010 | D:4      | 4010 ||| READING scroll labelled QUR FELIVIJITA.
  4011 | D:4      | 4011 ||| DROPPING scroll of immolation.
  4037 | D:5      | Entered Level 5 of the Dungeon
  4060 | D:5      | 4060 ||| Stepping ~*~*~tactically~*~*~ (stealth).
  4070 | D:5      | Reached skill level 4 in Fighting
  4070 | D:5      | Noticed a phantom
  4079 | D:5      | Killed a phantom
  4080 | D:5      | Reached XP level 6. HP: 52/52 MP: 5/5
  4229 | D:5      | Noticed a water moccasin
  4240 | D:5      | Killed a water moccasin
  4249 | D:5      | Reached skill level 9 in Axes
  4249 | D:5      | 4249 ||| FLEEEEING.
  4257 | D:5      | Reached XP level 7. HP: 44/59 MP: 6/6
  4257 | D:5      | 4257 ||| FLEEEEING.
  4258 | D:5      | 4258 ||| FLEEEEING.
  4259 | D:5      | 4259 ||| FLEEEEING.
  4260 | D:5      | 4260 ||| FLEEEEING.
  4261 | D:5      | 4261 ||| FLEEEEING.
  4262 | D:5      | 4262 ||| FLEEEEING.
  4263 | D:5      | 4263 ||| FLEEEEING.
  4264 | D:5      | 4264 ||| FLEEEEING.
  4265 | D:5      | 4265 ||| FLEEEEING.
  4266 | D:5      | 4266 ||| FLEEEEING.
  4267 | D:5      | 4267 ||| INVOKING Berserk.
  4272 | D:5      | Reached skill level 5 in Fighting
  4439 | D:5      | 4439 ||| INVOKING Berserk.
  4779 | D:5      | Identified the +1 robe of Ivikh {rPois rN+ rCorr Int-5}
  4902 | D:5      | Found a hazy altar of Hepliaklqana.
  5049 | D:5      | 5049 ||| READING scroll labelled PEHUES XIUS.
  5050 | D:5      | 5050 ||| READING 2 scrolls of identify.
  5050 | D:5      | 5050 ||| IDENTIFYING purple potion
  5051 | D:5      | 5051 ||| DROPPING potion of attraction.
  5074 | D:6      | 5074 ||| PLANNING SEWER
  5149 | D:6      | 5149 ||| Stepping ~*~*~tactically~*~*~ (hiding).
  5150 | D:6      | 5150 ||| Stepping ~*~*~tactically~*~*~ (hiding).
  5221 | D:6      | Reached *** piety under Trog
  5222 | D:6      | Reached skill level 6 in Fighting
  5222 | D:6      | Reached XP level 8. HP: 61/71 MP: 7/7
  5352 | D:6      | 5352 ||| INVOKING Berserk.
  5771 | D:6      | 5771 ||| RIP SEWER
  5796 | D:6      | 5796 ||| PLANNING D:1-11
  5833 | D:6      | Found Yrinot's Antique Armour Boutique.
  5850 | D:6      | 5850 ||| BUYING cloak (94 gold).
  5850 | D:6      | Bought a cloak for 94 gold pieces
  5850 | D:6      | 5850 ||| SHOPLISTING runed plate armour (546 gold, have
                  | 323).
  6163 | D:6      | 6163 ||| INVOKING Berserk.
  6285 | D:6      | 6285 ||| SWAPPING to +0 war axe.
  6286 | D:6      | 6286 ||| DROPPING +1 hand axe.
  6323 | D:6      | 6323 ||| UPGRADING to +0 kite shield.
  6328 | D:6      | 6328 ||| UPGRADING to +0 cloak.
  6333 | D:6      | 6333 ||| UPGRADING to +6 ring of dexterity.
  6334 | D:6      | 6334 ||| READING scroll labelled YCVUM XESHOELA.
  6334 | D:6      | Identified a scroll of acquirement
  6334 | D:6      | 6334 ||| ACQUIRING 878 gold pieces
  6334 | D:6      | Acquired 878 gold pieces
  6336 | D:6      | 6336 ||| READING 4 scrolls of identify.
  6336 | D:6      | 6336 ||| IDENTIFYING golden potion
  6337 | D:6      | 6337 ||| READING 3 scrolls of identify.
  6337 | D:6      | 6337 ||| IDENTIFYING blue potion
  6338 | D:6      | 6338 ||| READING 2 scrolls of identify.
  6338 | D:6      | 6338 ||| IDENTIFYING grey potion
  6339 | D:6      | 6339 ||| DROPPING potion of brilliance.
  6340 | D:6      | 6340 ||| DROPPING potion of berserk rage.
  6341 | D:6      | 6341 ||| DROPPING potion of flight.
  6462 | D:5      | Found a staircase to the Ecumenical Temple.
  6484 | D:7      | Reached skill level 3 in Shields
  6485 | D:7      | 6485 ||| INVOKING Berserk.
  6486 | D:7      | HP: 22/106 [killer bee (7)]
  6491 | D:7      | HP: 11/71 [poisoned by a killer bee]
  6565 | D:7      | 6565 ||| Stepping ~*~*~tactically~*~*~ (hiding).
  6569 | D:7      | 6569 ||| INVOKING Berserk.
  6573 | D:7      | Reached XP level 9. HP: 77/77 MP: 8/8
  6767 | D:7      | 6767 ||| Stepping ~*~*~tactically~*~*~ (stealth).
  6778 | D:7      | 6778 ||| INVOKING Berserk.
  6784 | D:7      | 6784 ||| DRINKING 2 potions of curing.
  6784 | D:7      | 6784 ||| (to cure confusion)
  6812 | D:7      | 6812 ||| FLEEEEING.
  6813 | D:7      | 6813 ||| FLEEEEING.
  6832 | D:7      | Noticed a two-headed ogre
  6837 | D:7      | Reached skill level 6 in Shields
  6837 | D:7      | 6837 ||| FLEEEEING.
  6838 | D:7      | 6838 ||| FLEEEEING.
  6839 | D:7      | 6839 ||| INVOKING Berserk.
  6844 | D:7      | Killed a two-headed ogre
  6864 | D:7      | 6864 ||| FLEEEEING.
  6868 | D:7      | 6868 ||| FLEEEEING.
  6869 | D:7      | 6869 ||| FLEEEEING.
  6874 | D:7      | 6874 ||| STAIRDANCE
  6976 | D:6      | 6976 ||| READING scroll labelled FYAQEL YSSOWU.
  6977 | D:6      | 6977 ||| READING 2 scrolls of identify.
  6977 | D:6      | 6977 ||| IDENTIFYING fizzy emerald potion
  6978 | D:6      | 6978 ||| DROPPING potion of magic.
  7052 | D:7      | 7052 ||| Stepping ~*~*~tactically~*~*~ (stealth).
  7054 | D:7      | 7054 ||| Stepping ~*~*~tactically~*~*~ (hiding).
  7055 | D:7      | 7055 ||| FLEEEEING.
  7056 | D:7      | 7056 ||| FLEEEEING.
  7057 | D:7      | 7057 ||| FLEEEEING.
  7060 | D:7      | 7060 ||| FLEEEEING.
  7061 | D:7      | 7061 ||| FLEEEEING.
  7062 | D:7      | 7062 ||| FLEEEEING.
  7063 | D:7      | 7063 ||| FLEEEEING.
  7066 | D:7      | 7066 ||| FLEEEEING.
  7067 | D:7      | 7067 ||| FLEEEEING.
  7068 | D:7      | 7068 ||| FLEEEEING.
  7071 | D:7      | 7071 ||| FLEEEEING.
  7074 | D:7      | 7074 ||| STAIRDANCE
  7178 | D:7      | 7178 ||| STAIRDANCE
  7197 | D:7      | 7197 ||| STAIRDANCE
  7199 | D:6      | 7199 ||| INVOKING Berserk.
  7307 | D:7      | 7307 ||| STAIRDANCE
  7314 | D:7      | 7314 ||| STAIRDANCE
  7324 | D:7      | 7324 ||| STAIRDANCE
  7337 | D:7      | 7337 ||| STAIRDANCE
  7350 | D:7      | 7350 ||| STAIRDANCE
  7354 | D:6      | Reached skill level 3 in Dodging
  7374 | D:7      | 7374 ||| INVOKING Berserk.
  7380 | D:7      | Reached skill level 12 in Axes
  7444 | D:7      | 7444 ||| Stepping ~*~*~tactically~*~*~ (stealth).
  7512 | D:7      | Noticed Duvessa
  7512 | D:7      | Noticed Dowan
  7513 | D:7      | 7513 ||| Stepping ~*~*~tactically~*~*~ (hiding).
  7517 | D:7      | 7517 ||| INVOKING Berserk.
  7520 | D:7      | Killed Duvessa
  7521 | D:7      | Reached skill level 6 in Armour
  7528 | D:7      | Killed Dowan
  7807 | D:7      | Found a snail-covered altar of Cheibriados.
  7917 | D:8      | 7917 ||| Stepping ~*~*~tactically~*~*~ (hiding).
  7926 | D:8      | 7926 ||| INVOKING Berserk.
  8046 | D:8      | 8046 ||| Stepping ~*~*~tactically~*~*~ (stealth).
  8049 | D:8      | 8049 ||| Stepping ~*~*~tactically~*~*~ (stealth).
  8050 | D:8      | 8050 ||| Stepping ~*~*~tactically~*~*~ (stealth).
  8063 | D:8      | Reached skill level 7 in Fighting
  8233 | D:8      | 8233 ||| INVOKING Berserk.
  8343 | D:8      | 8343 ||| Stepping ~*~*~tactically~*~*~ (stealth).
  8381 | D:8      | 8381 ||| INVOKING Berserk.
  8399 | D:8      | 8399 ||| Stepping ~*~*~tactically~*~*~ (stealth).
  8401 | D:8      | 8401 ||| Stepping ~*~*~tactically~*~*~ (stealth).
  8407 | D:8      | 8407 ||| Stepping ~*~*~tactically~*~*~ (stealth).
  8415 | D:8      | Reached skill level 9 in Shields
  8527 | D:8      | Found a staircase to the Lair.
  8626 | D:8      | 8626 ||| Stepping ~*~*~tactically~*~*~ (stealth).
  8628 | D:8      | 8628 ||| Stepping ~*~*~tactically~*~*~ (stealth).
  8630 | D:8      | 8630 ||| Stepping ~*~*~tactically~*~*~ (stealth).
  8635 | D:8      | 8635 ||| Stepping ~*~*~tactically~*~*~ (hiding).
  8642 | D:8      | 8642 ||| Stepping ~*~*~tactically~*~*~ (hiding).
  8652 | D:8      | Reached XP level 10. HP: 85/86 MP: 9/9
  8802 | D:8      | 8802 ||| PLANNING LAIR
  8802 | D:8      | 8802 ||| UPGRADING to +0 pair of gloves.
  8807 | D:8      | 8807 ||| UPGRADING to +1 pair of boots.
  8817 | D:8      | 8817 ||| DROPPING +0 pair of boots.
  8818 | D:8      | 8818 ||| DRINKING 2 black potions.
  8819 | D:8      | 8819 ||| READING 2 scrolls of identify.
  8819 | D:8      | 8819 ||| IDENTIFYING fuming purple potion
  8834 | D:8      | 8834 ||| Stepping ~*~*~tactically~*~*~ (stealth).
  8837 | D:8      | 8837 ||| Stepping ~*~*~tactically~*~*~ (hiding).
  8865 | D:8      | 8865 ||| Stepping ~*~*~tactically~*~*~ (hiding).
  8879 | D:8      | 8879 ||| READING scroll of enchant armour.
  8879 | D:8      | 8879 ||| ENCHANTING +0 pair of gloves.
  8880 | D:8      | 8880 ||| DRINKING 2 brown potions.
  8881 | D:8      | 8881 ||| DROPPING potion of degeneration.
  8919 | Lair:1   | Entered Level 1 of the Lair of Beasts
  8969 | Lair:1   | 8969 ||| Stepping ~*~*~tactically~*~*~ (stealth).
  8970 | Lair:1   | 8970 ||| Stepping ~*~*~tactically~*~*~ (stealth).
  8984 | Lair:1   | Reached **** piety under Trog
  9038 | Lair:1   | Noticed Gastronok
  9042 | Lair:1   | 9042 ||| INVOKING Berserk.
  9055 | Lair:1   | Killed Gastronok
  9170 | Lair:1   | 9170 ||| READING scroll of enchant armour.
  9170 | Lair:1   | 9170 ||| ENCHANTING +1 pair of gloves.
  9190 | Lair:1   | 9190 ||| INVOKING Berserk.
  9311 | Lair:1   | Noticed a black mamba
  9314 | Lair:1   | 9314 ||| INVOKING Berserk.
  9318 | Lair:1   | Killed a black mamba
  9319 | Lair:1   | Reached skill level 8 in Fighting
  9563 | Lair:1   | 9563 ||| INVOKING Berserk.
  9874 | Lair:1   | 9874 ||| INVOKING Berserk.
  9991 | Lair:1   | Noticed a cane toad
  9992 | Lair:1   | 9992 ||| INVOKING Berserk.
 10002 | Lair:1   | Killed a cane toad
 10053 | Lair:1   | Noticed a five-headed hydra
 10058 | Lair:1   | 10058 ||| SWAPPING to +0 flail.
 10060 | Lair:1   | 10060 ||| INVOKING Berserk.
 10065 | Lair:1   | Killed a five-headed hydra
 10066 | Lair:1   | Reached XP level 11. HP: 94/94 MP: 10/10
 10075 | Lair:1   | 10075 ||| SWAPPING to +0 war axe.
 10227 | Lair:1   | 10227 ||| INVOKING Berserk.
 10556 | Lair:1   | 10556 ||| INVOKING Berserk.
 10992 | Lair:1   | 10992 ||| UPGRADING to +2 hat.
 10997 | Lair:1   | 10997 ||| READING 2 scrolls labelled XETUHE IPOENE.
 11001 | Lair:1   | 11001 ||| DRINKING 2 bubbling red potions.
 11102 | Lair:1   | 11102 ||| READING 2 scrolls of identify.
 11102 | Lair:1   | 11102 ||| IDENTIFYING amethyst potion
 11103 | Lair:1   | 11103 ||| DROPPING potion of invisibility.
 11104 | Lair:1   | 11104 ||| DROPPING potion of ambrosia.
 11164 | Lair:2   | Noticed a seven-headed hydra
 11166 | Lair:2   | 11166 ||| SWAPPING to +0 flail.
 11168 | Lair:2   | 11168 ||| INVOKING Berserk.
 11176 | Lair:2   | Killed a seven-headed hydra
 11177 | Lair:2   | Reached skill level 15 in Axes
 11183 | Lair:2   | 11183 ||| SWAPPING to +0 war axe.
 11190 | Lair:2   | HP: 23/95 [komodo dragon (7)]
 11191 | Lair:2   | 11191 ||| READING scroll of teleportation.
 11279 | Lair:2   | 11279 ||| Stepping ~*~*~tactically~*~*~ (stealth).
 11288 | Lair:2   | 11288 ||| Stepping ~*~*~tactically~*~*~ (stealth).
 11292 | Lair:2   | 11292 ||| INVOKING Berserk.
 11310 | Lair:2   | Reached skill level 9 in Fighting
 11393 | Lair:2   | 11393 ||| INVOKING Berserk.
 11427 | Lair:2   | 11427 ||| Stepping ~*~*~tactically~*~*~ (stealth).
 11428 | Lair:2   | 11428 ||| Stepping ~*~*~tactically~*~*~ (stealth).
 11430 | Lair:2   | 11430 ||| Stepping ~*~*~tactically~*~*~ (stealth).
 11534 | Lair:2   | 11534 ||| Stepping ~*~*~tactically~*~*~ (hiding).
 11536 | Lair:2   | 11536 ||| INVOKING Berserk.
 11729 | Lair:2   | Noticed a six-headed hydra
 11730 | Lair:2   | 11730 ||| INVOKING Brothers in Arms.
 11731 | Lair:2   | 11731 ||| INVOKING Brothers in Arms.
 11732 | Lair:2   | 11732 ||| INVOKING Brothers in Arms.
 11733 | Lair:2   | 11733 ||| INVOKING Brothers in Arms.
 11734 | Lair:2   | 11734 ||| INVOKING Brothers in Arms.
 11735 | Lair:2   | 11735 ||| INVOKING Brothers in Arms.
 11736 | Lair:2   | 11736 ||| INVOKING Brothers in Arms.
 11737 | Lair:2   | 11737 ||| INVOKING Brothers in Arms.
 11738 | Lair:2   | 11738 ||| SWAPPING to +0 flail.
 11739 | Lair:2   | 11739 ||| INVOKING Berserk.
 11741 | Lair:2   | Killed a six-headed hydra
 11742 | Lair:2   | Reached skill level 9 in Armour
 11749 | Lair:2   | 11749 ||| SWAPPING to +0 war axe.
 11802 | Lair:2   | 11802 ||| INVOKING Berserk.
 11864 | Lair:2   | Noticed an oklob plant
 11872 | Lair:2   | 11872 ||| INVOKING Berserk.
 11881 | Lair:2   | HP: 36/148 [oklob plant/splash of acid (7)]
 11886 | Lair:2   | Killed an oklob plant
 11887 | Lair:2   | Reached skill level 10 in Fighting
 11949 | Lair:2   | Noticed an oklob plant
 11949 | Lair:2   | Noticed an oklob plant
 11952 | Lair:2   | 11952 ||| FLEEEEING.
 11956 | Lair:2   | 11956 ||| FLEEEEING.
 11971 | Lair:2   | 11971 ||| FLEEEEING.
 11999 | Lair:2   | 11999 ||| FLEEEEING.
 12037 | Lair:2   | 12037 ||| INVOKING Berserk.
 12048 | Lair:2   | Killed an oklob plant
 12202 | Lair:2   | Noticed an oklob plant
 12208 | Lair:2   | 12208 ||| INVOKING Berserk.
 12213 | Lair:2   | Killed an oklob plant
 12214 | Lair:2   | Reached XP level 12. HP: 106/106 MP: 11/11
 12522 | Lair:2   | 12522 ||| Stepping ~*~*~tactically~*~*~ (stealth).
 12526 | Lair:2   | 12526 ||| INVOKING Berserk.
 13010 | Lair:2   | 13010 ||| UPGRADING to ring of see invisible.
 13011 | Lair:2   | 13011 ||| READING scroll labelled JOSULO LIOBB.
 13112 | Lair:2   | 13112 ||| READING 2 scrolls of identify.
 13112 | Lair:2   | 13112 ||| IDENTIFYING red potion
 13169 | Lair:3   | 13169 ||| READING scroll of enchant weapon.
 13169 | Lair:3   | 13169 ||| ENCHANTING +0 war axe.
 13226 | Lair:3   | Noticed an eight-headed hydra
 13230 | Lair:3   | 13230 ||| SWAPPING to +0 flail.
 13232 | Lair:3   | 13232 ||| INVOKING Berserk.
 13238 | Lair:3   | Killed an eight-headed hydra
 13250 | Lair:3   | 13250 ||| SWAPPING to +1 war axe.
 13490 | Lair:3   | 13490 ||| Stepping ~*~*~tactically~*~*~ (hiding).
 13526 | Lair:3   | 13526 ||| Stepping ~*~*~tactically~*~*~ (hiding).
 13598 | Lair:3   | Found a staircase to the Swamp.
 13650 | Lair:3   | Found a frozen archway.
 13681 | Lair:3   | Found a hole to the Spider Nest.
 13686 | Lair:3   | 13686 ||| READING scroll labelled SYEGHU GUIZAS.
 13687 | Lair:3   | 13687 ||| READING 2 scrolls of teleportation.
 13688 | Lair:3   | 13688 ||| FLEEEEING.
 13689 | Lair:3   | 13689 ||| FLEEEEING.
 13690 | Lair:3   | 13690 ||| FLEEEEING.
 13691 | Lair:3   | 13691 ||| FLEEEEING.
 13867 | Lair:3   | 13867 ||| READING scroll of teleportation.
 13868 | Lair:3   | 13868 ||| FLEEEEING.
 13870 | Lair:3   | 13870 ||| FLEEEEING.
 13876 | Lair:3   | Found a shimmering altar of Xom.
 14030 | Lair:3   | 14030 ||| Stepping ~*~*~tactically~*~*~ (stealth).
 14031 | Lair:3   | 14031 ||| Stepping ~*~*~tactically~*~*~ (stealth).
 14034 | Lair:3   | 14034 ||| Stepping ~*~*~tactically~*~*~ (stealth).
 14043 | Lair:3   | Reached skill level 11 in Fighting
 14265 | Lair:3   | 14265 ||| Stepping randomly (stuck).
 14266 | Lair:3   | 14266 ||| Stepping randomly (stuck).
 14267 | Lair:3   | 14267 ||| FLEEEEING.
 14268 | Lair:3   | 14268 ||| FLEEEEING.
 14269 | Lair:3   | 14269 ||| FLEEEEING.
 14272 | Lair:3   | 14272 ||| FLEEEEING.
 14274 | Lair:3   | 14274 ||| FLEEEEING.
 14276 | Lair:3   | 14276 ||| FLEEEEING.
 14278 | Lair:3   | 14278 ||| FLEEEEING.
 14319 | Lair:3   | 14319 ||| Stepping randomly (stuck).
 14320 | Lair:3   | 14320 ||| Stepping randomly (stuck).
 14327 | Lair:3   | 14327 ||| Stepping randomly (stuck).
 14328 | Lair:3   | 14328 ||| Stepping randomly (stuck).
 14329 | Lair:3   | 14329 ||| Stepping randomly (stuck).
 14460 | Lair:4   | 14460 ||| READING scroll of enchant armour.
 14460 | Lair:4   | 14460 ||| ENCHANTING +1 pair of boots.
 14515 | Lair:4   | 14515 ||| INVOKING Berserk.
 14529 | Lair:4   | Reached skill level 12 in Shields
 14534 | Lair:4   | Reached skill level 6 in Dodging
 14668 | Lair:4   | Noticed a seven-headed hydra
 14671 | Lair:4   | 14671 ||| SWAPPING to +0 flail.
 14673 | Lair:4   | 14673 ||| INVOKING Berserk.
 14678 | Lair:4   | Killed a seven-headed hydra
 14685 | Lair:4   | 14685 ||| SWAPPING to +1 war axe.
 14807 | Lair:4   | Noticed a seven-headed hydra
 14813 | Lair:4   | 14813 ||| SWAPPING to +0 flail.
 14815 | Lair:4   | 14815 ||| INVOKING Berserk.
 14825 | Lair:4   | Killed a seven-headed hydra
 14836 | Lair:4   | 14836 ||| SWAPPING to +1 war axe.
 14948 | Lair:4   | 14948 ||| Stepping ~*~*~tactically~*~*~ (stealth).
 14949 | Lair:4   | Noticed a death yak
 14950 | Lair:4   | Noticed a death yak
 14951 | Lair:4   | Noticed a death yak
 14951 | Lair:4   | Noticed a death yak
 14952 | Lair:4   | 14952 ||| INVOKING Berserk.
 14957 | Lair:4   | Killed a death yak
 14962 | Lair:4   | Killed a death yak
 14963 | Lair:4   | Reached skill level 12 in Fighting
 14968 | Lair:4   | Killed a death yak
 14980 | Lair:4   | HP: 18/112 [elephant (13)]
 14981 | Lair:4   | 14981 ||| DRINKING 3 potions of heal wounds.
 14983 | Lair:4   | 14983 ||| DRINKING 2 potions of heal wounds.
 14984 | Lair:4   | Killed a death yak
 14989 | Lair:4   | HP: 27/112 [electric eel/bolt of electricity (2)]
 14990 | Lair:4   | Reached XP level 13. HP: 23/118 MP: 12/12
 14990 | Lair:4   | 14990 ||| DRINKING potion of heal wounds.
 15002 | Lair:4   | HP: 23/118 [electric eel/bolt of electricity (10)]
 15005 | Lair:4   | 15005 ||| FLEEEEING.
 15078 | Lair:4   | 15078 ||| FLEEEEING.
 15081 | Lair:4   | 15081 ||| FLEEEEING.
 15377 | Lair:4   | 15377 ||| INVOKING Berserk.
 15456 | Lair:4   | 15456 ||| INVOKING Brothers in Arms.
 15457 | Lair:4   | 15457 ||| INVOKING Brothers in Arms.
 15459 | Lair:4   | 15459 ||| SWAPPING to +0 flail.
 15461 | Lair:4   | 15461 ||| INVOKING Berserk.
 15464 | Lair:4   | Reached skill level 12 in Armour
 15468 | Lair:4   | 15468 ||| SWAPPING to +1 war axe.
 15589 | Lair:4   | 15589 ||| INVOKING Berserk.
 15891 | Lair:4   | 15891 ||| SWAPPING to +0 flail.
 15892 | Lair:4   | 15892 ||| INVOKING Berserk.
 15912 | Lair:4   | 15912 ||| SWAPPING to +1 war axe.
 16060 | Lair:4   | 16060 ||| UPGRADING to ring of protection from cold.
 16079 | Lair:5   | Entered Level 5 of the Lair of Beasts
 16081 | Lair:5   | 16081 ||| Stepping ~*~*~tactically~*~*~ (stealth).
 16107 | Lair:5   | Reached skill level 13 in Fighting
 16107 | Lair:5   | 16107 ||| INVOKING Brothers in Arms.
 16108 | Lair:5   | 16108 ||| INVOKING Brothers in Arms.
 16109 | Lair:5   | 16109 ||| INVOKING Brothers in Arms.
 16110 | Lair:5   | 16110 ||| INVOKING Brothers in Arms.
 16111 | Lair:5   | 16111 ||| SWAPPING to +0 flail.
 16113 | Lair:5   | 16113 ||| INVOKING Berserk.
 16131 | Lair:5   | 16131 ||| SWAPPING to +1 war axe.
 16257 | Lair:5   | 16257 ||| Stepping ~*~*~tactically~*~*~ (stealth).
 16262 | Lair:5   | 16262 ||| Stepping ~*~*~tactically~*~*~ (stealth).
 16268 | Lair:5   | 16268 ||| INVOKING Berserk.
 16364 | Lair:5   | 16364 ||| INVOKING Berserk.
 16395 | Lair:5   | 16395 ||| FLEEEEING.
 16405 | Lair:5   | 16405 ||| STAIRDANCE
 16557 | Lair:5   | 16557 ||| SWAPPING to +0 flail.
 16558 | Lair:5   | 16558 ||| INVOKING Berserk.
 16569 | Lair:5   | 16569 ||| SWAPPING to +1 war axe.
 16717 | Lair:5   | 16717 ||| INVOKING Berserk.
 16788 | Lair:5   | 16788 ||| Stepping ~*~*~tactically~*~*~ (stealth).
 16789 | Lair:5   | 16789 ||| Stepping ~*~*~tactically~*~*~ (stealth).
 16790 | Lair:5   | Found a staircase to the Slime Pits.
 16790 | Lair:5   | Found a viscous altar of Jiyva.
 16792 | Lair:5   | 16792 ||| Stepping ~*~*~tactically~*~*~ (stealth).
 16795 | Lair:5   | 16795 ||| Stepping ~*~*~tactically~*~*~ (stealth).
 16801 | Lair:5   | 16801 ||| INVOKING Berserk.
 16841 | Lair:5   | Reached skill level 14 in Fighting
 16975 | Lair:5   | 16975 ||| Stepping ~*~*~tactically~*~*~ (hiding).
 16995 | Lair:5   | 16995 ||| FLEEEEING.
 16997 | Lair:5   | 16997 ||| FLEEEEING.
 16998 | Lair:5   | 16998 ||| FLEEEEING.
 16999 | Lair:5   | 16999 ||| FLEEEEING.
 17000 | Lair:5   | 17000 ||| FLEEEEING.
 17001 | Lair:5   | 17001 ||| STAIRDANCE
 17003 | Lair:4   | 17003 ||| READING scroll labelled REILUL NUTOIPH.
 17006 | Lair:5   | 17006 ||| INVOKING Berserk.
 17015 | Lair:5   | 17015 ||| STAIRDANCE
 17189 | Lair:5   | 17189 ||| INVOKING Brothers in Arms.
 17190 | Lair:5   | 17190 ||| INVOKING Brothers in Arms.
 17191 | Lair:5   | 17191 ||| INVOKING Brothers in Arms.
 17192 | Lair:5   | 17192 ||| INVOKING Brothers in Arms.
 17193 | Lair:5   | 17193 ||| INVOKING Brothers in Arms.
 17194 | Lair:5   | 17194 ||| SWAPPING to +0 flail.
 17195 | Lair:5   | 17195 ||| INVOKING Berserk.
 17214 | Lair:5   | 17214 ||| SWAPPING to +1 war axe.
 17348 | Lair:5   | 17348 ||| Stepping ~*~*~tactically~*~*~ (stealth).
 17353 | Lair:5   | 17353 ||| SWAPPING to +0 flail.
 17355 | Lair:5   | 17355 ||| INVOKING Berserk.
 17393 | Lair:5   | 17393 ||| SWAPPING to +1 war axe.
 17525 | Lair:5   | 17525 ||| Stepping ~*~*~tactically~*~*~ (hiding).
 17528 | Lair:5   | 17528 ||| INVOKING Trog's Hand.
 17539 | Lair:5   | Found a burning altar of Makhleb.
 17540 | Lair:5   | 17540 ||| Stepping ~*~*~tactically~*~*~ (hiding).
 17544 | Lair:5   | 17544 ||| INVOKING Berserk.
 17555 | Lair:5   | Reached skill level 15 in Fighting
 17565 | Lair:5   | Reached XP level 14. HP: 77/135 MP: 13/13
 17568 | Lair:5   | HP: 30/135 [red devil/+0 demon trident of electrocution
                  | (10)]
 17568 | Lair:5   | Found a gateway to Hell.
 17569 | Lair:5   | 17569 ||| DRINKING 2 potions of heal wounds.
 17575 | Lair:5   | HP: 29/135 [red devil/+0 demon trident of electrocution
                  | (17)]
 17576 | Lair:5   | 17576 ||| DRINKING potion of heal wounds.
 17662 | Lair:5   | 17662 ||| READING scroll of enchant weapon.
 17662 | Lair:5   | 17662 ||| ENCHANTING +1 war axe.
 17949 | Lair:5   | 17949 ||| INVOKING Brothers in Arms.
 17950 | Lair:5   | 17950 ||| SWAPPING to +0 flail.
 17951 | Lair:5   | 17951 ||| INVOKING Berserk.
 17957 | Lair:5   | 17957 ||| SWAPPING to +2 war axe.
 18298 | Lair:5   | 18298 ||| PLANNING D:1-11
 18298 | Lair:5   | 18298 ||| READING 2 scrolls of identify.
 18298 | Lair:5   | 18298 ||| IDENTIFYING lumpy purple potion
 18460 | D:9      | 18460 ||| STAIRDANCE
 18470 | D:9      | 18470 ||| STAIRDANCE
 18486 | D:9      | Found a shadowy altar of Dithmenos.
 18640 | D:9      | Found a shimmering blue altar of Sif Muna.
 18641 | D:9      | Found a hide-covered altar of Uskayaw.
 18707 | D:9      | 18707 ||| Stepping ~*~*~tactically~*~*~ (stealth).
 18785 | D:9      | 18785 ||| READING scroll of enchant weapon.
 18785 | D:9      | 18785 ||| ENCHANTING +2 war axe.
 18899 | D:9      | 18899 ||| Stepping ~*~*~tactically~*~*~ (stealth).
 18899 | D:9      | Found a glowing golden altar of the Shining One.
 18900 | D:9      | 18900 ||| Stepping ~*~*~tactically~*~*~ (stealth).
 19006 | D:10     | Entered Level 10 of the Dungeon
 19046 | D:10     | 19046 ||| READING scroll of enchant weapon.
 19046 | D:10     | 19046 ||| ENCHANTING +3 war axe.
 19334 | D:10     | Found an iron altar of Okawaru.
 19335 | D:10     | Found a glowing silver altar of Zin.
 19335 | D:10     | Found a blossoming altar of Fedhas.
 19336 | D:10     | Found an ornate altar of the Wu Jian Council.
 19461 | D:10     | Noticed Maggie
 19472 | D:10     | Killed Maggie
 19541 | D:10     | 19541 ||| Stepping ~*~*~tactically~*~*~ (stealth).
 19550 | D:10     | 19550 ||| Stepping ~*~*~tactically~*~*~ (stealth).
 19554 | D:10     | 19554 ||| Stepping ~*~*~tactically~*~*~ (stealth).
 19557 | D:10     | 19557 ||| Stepping ~*~*~tactically~*~*~ (stealth).
 19573 | D:10     | 19573 ||| Stepping ~*~*~tactically~*~*~ (hiding).
 19586 | D:10     | 19586 ||| Stepping ~*~*~tactically~*~*~ (stealth).
 19587 | D:10     | 19587 ||| Stepping ~*~*~tactically~*~*~ (hiding).
 19600 | D:10     | 19600 ||| FLEEEEING.
 19601 | D:10     | 19601 ||| FLEEEEING.
 19605 | D:10     | 19605 ||| FLEEEEING.
 19606 | D:10     | 19606 ||| FLEEEEING.
 19611 | D:10     | 19611 ||| Stepping ~*~*~tactically~*~*~ (hiding).
 19612 | D:10     | 19612 ||| Stepping ~*~*~tactically~*~*~ (hiding).
 19681 | D:10     | 19681 ||| Stepping ~*~*~tactically~*~*~ (stealth).
 19686 | D:10     | 19686 ||| Stepping ~*~*~tactically~*~*~ (hiding).
 19687 | D:10     | 19687 ||| Stepping ~*~*~tactically~*~*~ (hiding).
 19688 | D:10     | 19688 ||| Stepping ~*~*~tactically~*~*~ (hiding).
 19690 | D:10     | 19690 ||| DRINKING 2 potions of resistance.
 19709 | D:10     | Found a staircase to the Orcish Mines.
 19810 | D:10     | Reached skill level 1 in Throwing
 19938 | D:11     | Noticed Lodul
 19941 | D:11     | 19941 ||| INVOKING Berserk.
 19945 | D:11     | Killed Lodul
 20101 | D:11     | Found a runed translucent gate.
 20101 | D:11     | Found a runed translucent gate.
 20103 | D:11     | Found a runed translucent gate.
 20307 | D:11     | 20307 ||| FLEEEEING.
 20308 | D:11     | 20308 ||| FLEEEEING.
 20309 | D:11     | 20309 ||| FLEEEEING.
 20310 | D:11     | 20310 ||| FLEEEEING.
 20311 | D:11     | 20311 ||| FLEEEEING.
 20312 | D:11     | 20312 ||| FLEEEEING.
 20313 | D:11     | 20313 ||| FLEEEEING.
 20314 | D:11     | 20314 ||| FLEEEEING.
 20315 | D:11     | 20315 ||| FLEEEEING.
 20315 | D:11     | Noticed qw's ghost (journeyman MiBe)
 20316 | D:11     | 20316 ||| FLEEEEING.
 20317 | D:11     | 20317 ||| FLEEEEING.
 20318 | D:11     | 20318 ||| FLEEEEING.
 20319 | D:11     | 20319 ||| FLEEEEING.
 20320 | D:11     | 20320 ||| FLEEEEING.
 20321 | D:11     | 20321 ||| FLEEEEING.
 20322 | D:11     | 20322 ||| FLEEEEING.
 20323 | D:11     | 20323 ||| FLEEEEING.
 20345 | D:11     | Reached skill level 3 in Throwing
 20353 | D:11     | 20353 ||| Stepping ~*~*~tactically~*~*~ (stealth).
 20413 | D:11     | Identified the +4 hand axe of the Furious {vamp, *Noise
                  | rElec rF++ rCorr}
 20415 | D:11     | 20415 ||| SWAPPING to +4 hand axe of the Furious {vamp,
                  | *Noise rElec rF++ rCorr}.
 20416 | D:11     | 20416 ||| DROPPING +4 war axe.
 20540 | D:11     | 20540 ||| PLANNING D
 20540 | D:11     | 20540 ||| DROPPING amulet of guardian spirit.
 20541 | D:11     | 20541 ||| READING 3 scrolls labelled AMIVIAGA ECESCHY.
 20542 | D:11     | 20542 ||| DROPPING 2 scrolls of fear.
 20768 | D:12     | Reached ***** piety under Trog
 20820 | D:12     | 20820 ||| INVOKING Berserk.
 20832 | D:12     | Reached skill level 15 in Shields
 21534 | D:13     | Found Peaf's Armour Shop.
 21543 | D:13     | 21543 ||| BUYING +2 pair of gloves of dexterity (258 gold).
 21543 | D:13     | Bought a +2 pair of gloves of dexterity for 258 gold pieces
 21569 | D:13     | 21569 ||| Stepping ~*~*~tactically~*~*~ (hiding).
 21572 | D:13     | Found Qinuif Lust's Assorted Antiques.
 21624 | D:13     | 21624 ||| BUYING scroll of enchant armour (225 gold).
 21624 | D:13     | Bought a scroll of enchant armour for 225 gold pieces
 21624 | D:13     | 21624 ||| BUYING scroll of identify (60 gold).
 21624 | D:13     | Bought a scroll of identify for 60 gold pieces
 21624 | D:13     | 21624 ||| BUYING tourmaline ring (150 gold).
 21624 | D:13     | Bought a tourmaline ring for 150 gold pieces
 21624 | D:13     | 21624 ||| READING scroll of enchant armour.
 21624 | D:13     | 21624 ||| ENCHANTING +0 cloak.
 21663 | D:13     | 21663 ||| INVOKING Brothers in Arms.
 21670 | D:13     | 21670 ||| INVOKING Berserk.
 21675 | D:13     | Reached skill level 16 in Fighting
 21737 | D:13     | Found Saoss's Armour Emporium.
 21745 | D:13     | 21745 ||| BUYING +1 plate armour of fire resistance (525
                  | gold).
 21745 | D:13     | Bought a +1 plate armour of fire resistance for 525 gold
                  | pieces
 21745 | D:13     | 21745 ||| BUYING +2 plate armour of cold resistance (600
                  | gold).
 21745 | D:13     | Bought a +2 plate armour of cold resistance for 600 gold
                  | pieces
 21797 | D:13     | Found Muipn's Magic Scroll Shoppe.
 21806 | D:13     | 21806 ||| BUYING scroll of identify (30 gold).
 21806 | D:13     | Bought a scroll of identify for 30 gold pieces
 21806 | D:13     | 21806 ||| BUYING scroll of identify (30 gold).
 21806 | D:13     | Bought a scroll of identify for 30 gold pieces
 21806 | D:13     | 21806 ||| BUYING scroll of identify (30 gold).
 21806 | D:13     | Bought a scroll of identify for 30 gold pieces
 21806 | D:13     | 21806 ||| BUYING scroll of identify (30 gold).
 21806 | D:13     | Bought a scroll of identify for 30 gold pieces
 21806 | D:13     | 21806 ||| BUYING scroll of teleportation (45 gold).
 21806 | D:13     | Bought a scroll of teleportation for 45 gold pieces
 22089 | D:13     | 22089 ||| INVOKING Trog's Hand.
 22092 | D:13     | 22092 ||| INVOKING Berserk.
 22220 | D:13     | Found a gate to the Vaults.
 22402 | D:13     | 22402 ||| UPGRADING to +2 pair of gloves of dexterity.
 22412 | D:13     | 22412 ||| DROPPING +2 pair of gloves.
 22413 | D:13     | 22413 ||| UPGRADING to +1 plate armour of fire resistance.
 22423 | D:13     | 22423 ||| DROPPING +0 plate armour.
 22424 | D:13     | 22424 ||| UPGRADING to +2 plate armour of cold resistance.
 22434 | D:13     | 22434 ||| UPGRADING to +6 ring of dexterity.
 22536 | D:14     | 22536 ||| Stepping ~*~*~tactically~*~*~ (hiding).
 22537 | D:14     | 22537 ||| Stepping ~*~*~tactically~*~*~ (hiding).
 22539 | D:14     | 22539 ||| Stepping ~*~*~tactically~*~*~ (hiding).
 22554 | D:14     | 22554 ||| Stepping ~*~*~tactically~*~*~ (hiding).
 22563 | D:14     | 22563 ||| Stepping ~*~*~tactically~*~*~ (hiding).
 22775 | D:14     | 22775 ||| INVOKING Brothers in Arms.
 22776 | D:14     | 22776 ||| SWAPPING to +0 flail.
 22777 | D:14     | 22777 ||| INVOKING Berserk.
 22783 | D:14     | 22783 ||| SWAPPING to +4 hand axe of the Furious {vamp,
                  | *Noise rElec rF++ rCorr}.
 23245 | D:14     | 23245 ||| DROPPING ring of magical power.
 23246 | D:14     | 23246 ||| DRINKING 2 fuming pink potions.
 23290 | D:14     | 23290 ||| DROPPING potion of lignification.
 23301 | D:15     | Entered Level 15 of the Dungeon
 23378 | D:15     | 23378 ||| Stepping ~*~*~tactically~*~*~ (hiding).
 23379 | D:15     | 23379 ||| Stepping ~*~*~tactically~*~*~ (hiding).
 23382 | D:15     | 23382 ||| INVOKING Berserk.
 23389 | D:15     | 23389 ||| FLEEEEING.
 23392 | D:15     | 23392 ||| STAIRDANCE
 23496 | D:15     | 23496 ||| INVOKING Berserk.
 23504 | D:15     | 23504 ||| STAIRDANCE
 23608 | D:15     | 23608 ||| STAIRDANCE
 23624 | D:15     | 23624 ||| INVOKING Berserk.
 23635 | D:15     | 23635 ||| FLEEEEING.
 23636 | D:15     | 23636 ||| STAIRDANCE
 23742 | D:15     | 23742 ||| DRINKING potion of cancellation.
 23788 | D:15     | Noticed Kirke
 23789 | D:15     | 23789 ||| INVOKING Trog's Hand.
 23796 | D:15     | Noticed a sphinx
 23799 | D:15     | 23799 ||| INVOKING Berserk.
 23813 | D:15     | Killed Kirke
 23927 | D:15     | Identified the +5 flail "Sikefrux" {flame, rElec rN+}
 23929 | D:15     | 23929 ||| DROPPING +0 flail.
 23991 | D:15     | 23991 ||| Stepping ~*~*~tactically~*~*~ (stealth).
 23997 | D:15     | 23997 ||| Stepping ~*~*~tactically~*~*~ (stealth).
 23998 | D:15     | 23998 ||| Stepping ~*~*~tactically~*~*~ (stealth).
 24025 | D:15     | Reached XP level 15. HP: 144/144 MP: 14/14
 24030 | D:15     | Reached skill level 9 in Dodging
 24114 | D:15     | 24114 ||| Stepping ~*~*~tactically~*~*~ (hiding).
 24115 | D:15     | 24115 ||| Stepping ~*~*~tactically~*~*~ (hiding).
 24289 | D:15     | 24289 ||| Stepping ~*~*~tactically~*~*~ (hiding).
 24290 | D:15     | 24290 ||| Stepping ~*~*~tactically~*~*~ (hiding).
 24341 | D:15     | Found a portal to a secret trove of treasure.
 24387 | D:15     | 24387 ||| Stepping ~*~*~tactically~*~*~ (stealth).
 24397 | D:15     | 24397 ||| INVOKING Berserk.
 24559 | D:15     | Noticed Nessos
 24570 | D:15     | Killed Nessos
 24607 | D:15     | 24607 ||| Stepping ~*~*~tactically~*~*~ (hiding).
 24623 | D:15     | Reached skill level 6 in Throwing
 24666 | D:15     | Found a staircase to the Depths.
 24666 | D:15     | Noticed a frost giant
 24667 | D:15     | 24667 ||| Stepping ~*~*~tactically~*~*~ (hiding).
 24668 | D:15     | 24668 ||| Stepping ~*~*~tactically~*~*~ (hiding).
 24684 | D:15     | Killed a frost giant
 24841 | D:15     | 24841 ||| PLANNING ORC
 24841 | D:15     | 24841 ||| DROPPING ring of flight.
 24986 | Orc:1    | Entered Level 1 of the Orcish Mines
 25002 | Orc:1    | 25002 ||| INVOKING Trog's Hand.
 25007 | Orc:1    | 25007 ||| INVOKING Berserk.
 25046 | Orc:1    | Noticed Josephine
 25062 | Orc:1    | Killed Josephine
 25241 | Orc:1    | 25241 ||| Stepping ~*~*~tactically~*~*~ (stealth).
 25242 | Orc:1    | 25242 ||| Stepping ~*~*~tactically~*~*~ (stealth).
 25301 | Orc:1    | 25301 ||| INVOKING Berserk.
 25610 | Orc:1    | 25610 ||| Stepping ~*~*~tactically~*~*~ (stealth).
 25629 | Orc:1    | 25629 ||| INVOKING Berserk.
 25910 | Orc:2    | Entered Level 2 of the Orcish Mines
 25913 | Orc:2    | 25913 ||| STAIRDANCE
 25922 | Orc:2    | 25922 ||| STAIRDANCE
 25959 | Orc:2    | 25959 ||| DROPPING +5 flail "Sikefrux" {flame, rElec rN+}.
 25969 | Orc:2    | 25969 ||| Stepping ~*~*~tactically~*~*~ (stealth).
 25970 | Orc:2    | 25970 ||| INVOKING Berserk.
 26007 | Orc:2    | 26007 ||| INVOKING Brothers in Arms.
 26020 | Orc:2    | Noticed an orc warlord
 26021 | Orc:2    | 26021 ||| INVOKING Trog's Hand.
 26028 | Orc:2    | Reached skill level 15 in Armour
 26029 | Orc:2    | 26029 ||| INVOKING Berserk.
 26059 | Orc:2    | Killed an orc warlord
 26061 | Orc:2    | Received a gift from Trog
 26071 | Orc:2    | 26071 ||| INVOKING Brothers in Arms.
 26086 | Orc:2    | Found Larentar's Antique Armour Shoppe.
 26104 | Orc:2    | 26104 ||| FLEEEEING.
 26105 | Orc:2    | 26105 ||| FLEEEEING.
 26106 | Orc:2    | 26106 ||| FLEEEEING.
 26107 | Orc:2    | 26107 ||| FLEEEEING.
 26108 | Orc:2    | 26108 ||| FLEEEEING.
 26153 | Orc:2    | 26153 ||| BUYING embroidered cloak (262 gold).
 26153 | Orc:2    | Bought an embroidered cloak for 262 gold pieces
 26153 | Orc:2    | 26153 ||| BUYING embroidered scarf (280 gold).
 26153 | Orc:2    | Bought an embroidered scarf for 280 gold pieces
 26153 | Orc:2    | 26153 ||| BUYING shiny chain mail (262 gold).
 26153 | Orc:2    | Bought a shiny chain mail for 262 gold pieces
 26236 | Orc:2    | Found a staircase to the Elven Halls.
 26304 | Orc:2    | 26304 ||| Stepping ~*~*~tactically~*~*~ (stealth).
 26315 | Orc:2    | Found Hytyigir's Book Shoppe.
 26460 | Orc:2    | Found Kiniery's Firing Range.
 26524 | Orc:2    | Found Uxuorioch's General Store.
 26530 | Orc:2    | 26530 ||| BUYING scroll of identify (34 gold).
 26530 | Orc:2    | Bought a scroll of identify for 34 gold pieces
 26530 | Orc:2    | 26530 ||| BUYING wand of digging (4) (285 gold).
 26530 | Orc:2    | Bought a wand of digging (4) for 285 gold pieces
 26538 | Orc:2    | Found Ehag's Antique Weapon Shoppe.
 26666 | Orc:2    | 26666 ||| PLANNING SWAMP:1-3
 26666 | Orc:2    | 26666 ||| UPGRADING to +2 cloak of preservation.
 26676 | Orc:2    | 26676 ||| DROPPING scarf of invisibility.
 26677 | Orc:2    | 26677 ||| DROPPING +1 cloak.
 26678 | Orc:2    | 26678 ||| DROPPING +4 chain mail of cold resistance.
 26899 | Swamp:1  | Entered Level 1 of the Swamp
 27037 | Swamp:1  | 27037 ||| INVOKING Berserk.
 27261 | Swamp:1  | 27261 ||| Stepping ~*~*~tactically~*~*~ (cloud).
 27262 | Swamp:1  | 27262 ||| INVOKING Berserk.
 27279 | Swamp:1  | 27279 ||| INVOKING Brothers in Arms.
 27280 | Swamp:1  | 27280 ||| SWAPPING to +0 morningstar.
 27283 | Swamp:1  | 27283 ||| INVOKING Brothers in Arms.
 27285 | Swamp:1  | 27285 ||| Stepping ~*~*~tactically~*~*~ (outnumbered).
 27286 | Swamp:1  | HP: 29/145 [seven-headed hydra (8)]
 27287 | Swamp:1  | 27287 ||| READING 4 scrolls of teleportation.
 27288 | Swamp:1  | 27288 ||| DRINKING potion of heal wounds.
 27289 | Swamp:1  | HP: 7/145 [seven-headed hydra (9)]
 27291 | Swamp:1  | 27291 ||| READING 3 scrolls of teleportation.
 27292 | Swamp:1  | 27292 ||| SWAPPING to +4 hand axe of the Furious {vamp,
                  | *Noise rElec rF++ rCorr}.
 27294 | Swamp:1  | 27294 ||| READING 2 scrolls of teleportation.
 27296 | Swamp:1  | 27296 ||| READING scroll of teleportation.
 27299 | Swamp:1  | 27299 ||| Stepping ~*~*~tactically~*~*~ (cloud).
 27300 | Swamp:1  | 27300 ||| DRINKING 2 potions of resistance.
 27301 | Swamp:1  | 27301 ||| INVOKING Brothers in Arms.
 27415 | Swamp:1  | 27415 ||| Stepping ~*~*~tactically~*~*~ (hiding).
 27417 | Swamp:1  | 27417 ||| Stepping ~*~*~tactically~*~*~ (hiding).
 27466 | Swamp:1  | 27466 ||| Stepping ~*~*~tactically~*~*~ (stealth).
 27471 | Swamp:1  | 27471 ||| INVOKING Berserk.
 27482 | Swamp:1  | Reached skill level 17 in Fighting
 27497 | Swamp:1  | 27497 ||| Stepping ~*~*~tactically~*~*~ (stealth).
 27516 | Swamp:1  | 27516 ||| Stepping ~*~*~tactically~*~*~ (stealth).
 27551 | Swamp:1  | 27551 ||| Stepping ~*~*~tactically~*~*~ (stealth).
 27553 | Swamp:1  | 27553 ||| Stepping ~*~*~tactically~*~*~ (hiding).
 27554 | Swamp:1  | 27554 ||| DRINKING potion of resistance.
 27665 | Swamp:1  | 27665 ||| INVOKING Berserk.
 28023 | Swamp:1  | 28023 ||| DROPPING +1 hat.
 28057 | Swamp:1  | 28057 ||| INVOKING Berserk.
 28204 | Swamp:2  | 28204 ||| Stepping ~*~*~tactically~*~*~ (hiding).
 28205 | Swamp:2  | Noticed a thorn hunter
 28210 | Swamp:2  | 28210 ||| INVOKING Berserk.
 28222 | Swamp:2  | Killed a thorn hunter
 28223 | Swamp:2  | Reached skill level 9 in Throwing
 28229 | Swamp:2  | 28229 ||| INVOKING Brothers in Arms.
 28230 | Swamp:2  | 28230 ||| SWAPPING to +0 morningstar.
 28233 | Swamp:2  | 28233 ||| SWAPPING to +4 hand axe of the Furious {vamp,
                  | *Noise rElec rF++ rCorr}.
 28295 | Swamp:2  | 28295 ||| SWAPPING to +0 morningstar.
 28296 | Swamp:2  | 28296 ||| INVOKING Berserk.
 28309 | Swamp:2  | 28309 ||| SWAPPING to +4 hand axe of the Furious {vamp,
                  | *Noise rElec rF++ rCorr}.
 28323 | Swamp:2  | 28323 ||| Stepping ~*~*~tactically~*~*~ (stealth).
 28330 | Swamp:2  | 28330 ||| FLEEEEING.
 28333 | Swamp:2  | 28333 ||| SWAPPING to +0 morningstar.
 28336 | Swamp:2  | 28336 ||| SWAPPING to +4 hand axe of the Furious {vamp,
                  | *Noise rElec rF++ rCorr}.
 28370 | Swamp:2  | 28370 ||| INVOKING Berserk.
 28395 | Swamp:2  | Noticed a fenstrider witch
 28396 | Swamp:2  | 28396 ||| INVOKING Trog's Hand.
 28416 | Swamp:2  | HP: 24/147 [fenstrider witch/toxic sludge (17)]
 28417 | Swamp:2  | HP: 11/147 [something (14)]
 28417 | Swamp:2  | HP: 3/147 [poison]
 28417 | Swamp:2  | HP: 1/147 [fenstrider witch (2)]
 28417 | Swamp:2  | Slain by a fenstrider witch

Levels and vault maps discovered:
D:1:      amcnicky_arrival_underground_garden, layout_basic,
          ebering_ecumenical_altar_ruins, solitary_fountain
D:2:      layout_basic, basic_altar, minmay_misc_feat_square,
          mrwooster_statue_mirror, minivault_5
D:3:      layout_basic
D:4:      layout_loops_corners
D:5:      layout_basic, lemuel_coloured_pillars_altar,
          minmay_temple_entry_from_below_a, kennysheep_potato
D:6:      layout_basic, gup_sewer_entry_pipe, serial_shops,
          nicolae_stop_n_shop_2, minmay_three_doors
D:7:      layout_rooms, slow_altar_2, uniq_duvessa
D:8:      layout_loops_ring, dpeg_oklobed_lair
D:9:      layout_roguey, mainiacjoe_overflow_catwalk_spiral,
          grunt_temple_overflow_open, minmay_misc_feat_nine_boxes
D:10:     layout_long_grid, minitemple, erik_orc_1, uniq_maggie
D:11:     layout_gridville, maelrawn_ghost_gauntlet_escape, uniq_lodul
D:12:     layout_loops_ring
D:13:     layout_cave_pods, grunt_vaults_entry_fortified, serial_shops, shop,
          shop, shop, shop
D:14:     layout_roguey
D:15:     grunt_enter_depths_snipers, layout_irregular_city,
          nicolae_trove_entry_diagonal, abandoned_shop, uniq_nessos, uniq_kirke
Lair:1:   layout_layer_cave, serial_bayou_lake_a, serial_bayou_shore_b,
          grunt_megastairs_3, uniq_gastronok
Lair:2:   minmay_lair_oklob_tunnel, layout_regular_city, grunt_megastairs_4,
          serial_bayou_shore_b
Lair:3:   layout_regular_city, nicolae_swamp_entry_splash_gauntlet,
          nicolae_spider_entry_orb_guardian, basic_altar,
          portal_ice_cave_entry_pillars_1, serial_bayou_lagoon_b
Lair:4:   gammafunk_indiana_jones, layout_gridlike, lemuel_fruit_fields,
          infiniplex_staircase_pool
Lair:5:   evil_forest, layout_regular_city, slime_entry_1
Swamp:1:  nicolae_swamp_decorative_isthmus, layout_falls_marsh,
          evilmike_swamp_ruin_house_5
Swamp:2:  layout_basic_swamp, basic_altar
Orc:1:    cheibrodos_orc_bank, layout_caves, basic_altar, uniq_josephine
Orc:2:    grunt_orc_cross, layout_diamond_mine, nicolae_shop_firing_range

Skill      XL: |  1  2  3  4  5  6  7  8  9 10 11 12 13 14 15 |
---------------+----------------------------------------------+-----
Axes           | 4 5 7 9 10 11 12 14 16 | 16.0
Armour         | 3 4 5 6 8 9 11 13 14 15 | 15.5
Fighting       | 4 6 7 8 10 12 15 16 17 | 17.0
Shields        | 5 9 10 11 12 14 15 | 15.4
Dodging        | 3 4 6 8 10 | 10.0
Throwing       | 5 9 |  9.0

Action                   |  1- 3 |  4- 6 |  7- 9 | 10-12 | 13-15 || total
-------------------------+-------+-------+-------+-------+-------++-------
Melee: Hand axe          |    93 |    93 |   116 |       |   972 ||  1274
       Headbutt          |    13 |    14 |    43 |   103 |   363 ||   536
       Punch             |     1 |     2 |     1 |       |       ||     4
       War axe           |       |       |   158 |   381 |   408 ||   947
       Flail             |       |       |       |    42 |    39 ||    81
       Morningstar       |       |       |       |       |    12 ||    12
Throw: Boomerang         |       |       |       |       |    73 ||    73
       Javelin           |       |       |       |       |    42 ||    42
Invok: Berserk           |     1 |       |    14 |    24 |    38 ||    77
       Brothers in Arms  |       |       |       |     1 |    12 ||    13
       Trog's Hand       |       |       |       |       |     6 ||     6
  Use: Scroll            |     4 |     5 |     8 |    13 |    11 ||    41
       Potion            |     1 |     1 |     1 |     5 |     9 ||    17
 Stab: Distracted        |       |       |       |       |     1 ||     1
       Confused          |       |       |       |       |     2 ||     2
Armor: Animal skin       |     7 |       |       |       |       ||     7
       Plate armour      |    30 |    37 |   140 |   251 |   669 ||  1127
Dodge: Dodged            |    21 |    23 |    68 |   112 |   468 ||   692
Block: Kite shield       |       |       |    97 |   247 |   802 ||  1146

Table legend:
 A = Non-vault XP
 B = Vault XP
 C = Vault XP percentage of total XP
 D = Non-vault monster count
 E = Vault monster count
 F = Vault count percentage of total count
                 A         B        C        D         E       F
            +---------+---------+-------+---------+---------+-------
      Total |  112143 |   39136 |  25.9 |     540 |     150 |  21.7
            +---------+---------+-------+---------+---------+-------
        D:1 |      40 |       0 |   0.0 |      23 |       0 |   0.0
        D:2 |      55 |       0 |   0.0 |      19 |       0 |   0.0
        D:3 |      40 |       0 |   0.0 |      17 |       0 |   0.0
        D:4 |     114 |       0 |   0.0 |       9 |       0 |   0.0
        D:5 |     560 |     373 |  40.0 |      11 |       4 |  26.7
        D:6 |     936 |     347 |  27.0 |      24 |       7 |  22.6
        D:7 |    2209 |     228 |   9.4 |      29 |       3 |   9.4
        D:8 |     925 |       0 |   0.0 |      27 |       0 |   0.0
        D:9 |    2569 |       0 |   0.0 |      18 |       0 |   0.0
       D:10 |    1855 |     961 |  34.1 |      14 |      18 |  56.2
       D:11 |    1609 |    1478 |  47.9 |       6 |       7 |  53.8
       D:12 |    5143 |       0 |   0.0 |      26 |       0 |   0.0
       D:13 |    5684 |    4662 |  45.1 |      15 |       8 |  34.8
       D:14 |    6383 |       0 |   0.0 |      11 |       0 |   0.0
       D:15 |    7106 |    6016 |  45.8 |      22 |       8 |  26.7
     Lair:1 |    5154 |    2356 |  31.4 |      23 |       4 |  14.8
     Lair:2 |    6631 |    2732 |  29.2 |      29 |       5 |  14.7
     Lair:3 |    3920 |     762 |  16.3 |      12 |       2 |  14.3
     Lair:4 |   16236 |       0 |   0.0 |      40 |       0 |   0.0
     Lair:5 |   14473 |    9895 |  40.6 |      49 |      26 |  34.7
    Swamp:1 |   13863 |       0 |   0.0 |      31 |       0 |   0.0
    Swamp:2 |    8925 |       0 |   0.0 |      15 |       0 |   0.0
      Orc:1 |    5877 |    2665 |  31.2 |      45 |      22 |  32.8
      Orc:2 |    1836 |    6661 |  78.4 |      25 |      36 |  59.0
            +---------+---------+-------+---------+---------+-------
